 Dungeon Crawl Stone Soup version 0.31-a0-521-gc7390f8997 (webtiles) character file.

Game seed: 1642501250560031942

1685545 motkurizz the Sorcerer (level 27, 213/221 HPs)
             Began as a Djinni Hedge Wizard on Aug 11, 2023.
             Was the Champion of Ashenzari.
             Escaped with the Orb
             ... and 3 runes!
             The game lasted 06:20:42 (69333 turns).

motkurizz the Sorcerer (Djinni Hedge Wizard)       Turns: 69333, Time: 06:20:42

Health: 213/221    AC: 22    Str: 22    XL:     27
Gold:   6665       EV: 27    Int: 26    God:    Ashenzari [******] SH: 27 Dex: 20

rFire   + + +        i - staff of Ashenzari's Soothsayer (curse) {rC+ Ice, Melee, Range} (curse)
rCold   + . .        u - +5 tower shield of the Eternal Failure {Elem, Comp} (curse)
rNeg    + + .        e - +2 ring mail of the Eternal Sun {Regen+ Dex+2 Stlth+, Bglg, Range} (curse)
rPois   ∞            F - +3 hat "Cosmic Adversity" {rN++ Int+6, Self, Comp} (curse)
rElec   +            G - +2 cloak "Mistrust of Ashenzari" {Comp, Cun} (curse)
rCorr   .            a - +2 pair of gloves "Shame of Ashenzari" {Str+3 Int-3 Dex+2, Melee, Self} (curse)
SInv    +            (boots unavailable)
Will    ++...        q - amulet "Share My Visionary" {Acrobat, Cun, Self} (curse)
Stlth   ++           B - ring of the Perceptive Seer {rC+, Cun, Range} (curse)
HPRegen 1.36/turn    Q - ring of the Unveiling Omission {rElec rPois rF+ Dex+2, Self, Alch} (curse)
MPRegen 0.00/turn

%: acrobat, clarity
@: flying, studying Stealth
A: sickness immunity, fire resistance 2, cold vulnerability 1, float, innate
caster, HP casting, extra vitality 1, strong 2
0: Orb of Zot
}: 3/15 runes: barnacled, silver, gossamer
a: Renounce Religion, Shatter the Chains


You escaped.
You worshipped Ashenzari.
Ashenzari was exalted by your worship.
You visited 10 branches of the dungeon, and saw 48 of its levels.
You also visited: Ice Cave, Volcano and Wizlab.

You collected 8383 gold pieces.
You spent 1718 gold pieces at shops.

Inventory:

Hand Weapons
 H - a +9 demon blade of chaos
Armour
 a - the cursed +2 pair of gloves "Shame of Ashenzari" (worn) {Str+3 Int-3 Dex+2, Melee, Self}
   (You found it on level 4 of the Spider Nest)

   Str+3:     It affects your strength (+3).
   Int-3:     It affects your intelligence (-3).
   Dex+2:     It affects your dexterity (+2).
   It has a curse which improves the following skills: Melee Combat: Short
   Blades, Long Blades, Axes, Maces & Flails, Polearms, Staves and Unarmed
   Combat.
   Introspection: Fighting and Spellcasting.
 e - the cursed +2 ring mail of the Eternal Sun (worn) {Regen+ Dex+2 Stlth+, Bglg, Range}
   (You bought it in a shop on level 4 of the Vaults)

   Dex+2:     It affects your dexterity (+2).
   Regen+:    It increases your rate of health regeneration.
   Stlth+:    It makes you more stealthy.
   It has a curse which improves the following skills: Beguiling: Conjurations,
   Hexes and Translocations.
   Ranged Combat: Ranged Weapons and Throwing.
 u - the cursed +5 tower shield of the Eternal Failure (worn) {Elem, Comp}
   (You took it off a vault warden on level 3 of the Vaults)

   It has a curse which improves the following skills: Elements: Fire Magic, Ice
   Magic, Air Magic and Earth Magic.
   Companions: Summonings and Necromancy.
 F - the cursed +3 hat "Cosmic Adversity" (worn) {rN++ Int+6, Self, Comp}
   (You found it on level 4 of the Spider Nest)

   Int+6:     It affects your intelligence (+6).
   rN++:      It greatly protects you from negative energy.
   It has a curse which improves the following skills: Introspection: Fighting
   and Spellcasting.
   Companions: Summonings and Necromancy.
 G - the cursed +2 cloak "Mistrust of Ashenzari" (worn) {Comp, Cun}
   (You found it on level 14 of the Dungeon)

   It has a curse which improves the following skills: Companions: Summonings
   and Necromancy.
   Cunning:   Dodging and Stealth.
 T - the +2 robe "Xifagos" {+Inv rElec rC+ Regen+}
   (You took it off a yaktaur captain on level 5 of the Vaults)

   rC+:       It protects you from cold.
   rElec:     It insulates you from electricity.
   +Inv:      It lets you turn invisible.
   Regen+:    It increases your rate of health regeneration.
Magical Staves
 i - the cursed staff of Ashenzari's Soothsayer (weapon) {rC+ Ice, Melee, Range}
   (You found it on level 5 of the Lair of Beasts)

   [staff of cold]

   Base accuracy: +5 Base damage: 5 Base attack delay: 1.2 This weapon's minimum
   attack delay (0.6) is reached at skill level 12.
   rC+:       It protects you from cold.
   Ice:       It increases the power of your Ice spells.
   It falls into the 'Staves' category.
   It is a one-handed weapon.
   It has a curse which improves the following skills: Melee Combat: Short
   Blades, Long Blades, Axes, Maces & Flails, Polearms, Staves and Unarmed
   Combat.
   Ranged Combat: Ranged Weapons and Throwing.
 O - the staff "Patu" {rElec rF+ rN+ Will+ Str+5 Necro}
   (You acquired it on level 5 of the Vaults)

   [staff of death]

   Base accuracy: +5 Base damage: 5 Base attack delay: 1.2 This weapon's minimum
   attack delay (0.6) is reached at skill level 12.
   Str+5:     It affects your strength (+5).
   rF+:       It protects you from fire.
   rElec:     It insulates you from electricity.
   rN+:       It protects you from negative energy.
   Will+:     It increases your willpower.
   Necro:     It increases the power of your Necromancy spells.
   It falls into the 'Staves' category.
   It is a one-handed weapon.
Jewellery
 q - the cursed amulet "Share My Visionary" (around neck) {Acrobat, Cun, Self}
   (You bought it in a shop on level 2 of the Orcish Mines)

   [amulet of the acrobat]

   Acrobat:   It increases your evasion while moving and waiting.
   It has a curse which improves the following skills: Cunning: Dodging and
   Stealth.
   Introspection: Fighting and Spellcasting.
 t - a ring of wizardry
 y - the amulet "Xuq Ezan" {Spirit Dex+2}
   (You took it off a draconian stormcaller on level 4 of the Realm of Zot)

   [amulet of guardian spirit]

   Spirit:    It causes incoming damage to be divided between your reserves of
   health and magic.
   Dex+2:     It affects your dexterity (+2).
 B - the cursed ring of the Perceptive Seer (left hand) {rC+, Cun, Range}
   (You found it on level 5 of the Dungeon)

   [ring of protection from cold]

   rC+:       It protects you from cold.
   It has a curse which improves the following skills: Cunning: Dodging and
   Stealth.
   Ranged Combat: Ranged Weapons and Throwing.
 D - the ring "Ylye" {AC+4 Dex+5 Stlth-}
   (You took it off a yaktaur captain on level 5 of the Vaults)

   [ring of protection]

   AC+4:      It affects your AC (+4).
   Dex+5:     It affects your dexterity (+5).
   Stlth-:    It makes you less stealthy.
 Q - the cursed ring of the Unveiling Omission (right hand) {rElec rPois rF+ Dex+2, Self, Alch}
   (You bought it in a shop on level 3 of the Elven Halls)

   [ring of protection from fire]

   Dex+2:     It affects your dexterity (+2).
   rF+:       It protects you from fire.
   rElec:     It insulates you from electricity.
   rPois:     It protects you from poison It has a curse which improves the
   following skills: Introspection: Fighting and Spellcasting.
   Alchemy:   Poison Magic and Transmutations.
 Y - the ring "Wijo Yro" {Will+ Str+6}
   (You took it off a deep elf knight on level 3 of the Elven Halls)

   [ring of strength]

   Str+6:     It affects your strength (+6).
   Will+:     It increases your willpower.
Wands
 h - a wand of acid (11)
 p - a wand of iceblast (30)
 w - a wand of paralysis (87)
 I - a wand of digging (30)
 W - a wand of mindburst (63)
 Z - a wand of polymorph (13)
Scrolls
 d - 13 scrolls of teleportation
 f - 12 scrolls of blinking
 k - 3 scrolls of summoning
 l - 10 scrolls of immolation
 o - a scroll of brand weapon
 A - 2 scrolls of fear
 E - 3 scrolls of enchant weapon
 J - 2 scrolls of revelation
 L - 5 scrolls of poison
 P - 5 scrolls of silence
 S - a scroll of fog
Potions
 b - 2 potions of berserk rage
 g - 11 potions of heal wounds
 j - 7 potions of haste
 n - 10 potions of enlightenment
 r - 19 potions of curing
 s - 3 potions of brilliance
 v - 3 potions of cancellation
 x - 8 potions of mutation
 z - 14 potions of attraction
 C - 4 potions of ambrosia
 M - 12 potions of might
 U - 3 potions of invisibility
 V - 2 potions of resistance
Miscellaneous
 c - a condenser vane
 m - a phial of floods
 N - a phantom mirror (inert)
 X - a box of beasts


   Skills:
 - Level 19.6(25.0) Fighting
 - Level 8.0(13.1) Short Blades
 - Level 9.9(14.3) Long Blades
 - Level 8.3(12.0) Staves
 - Level 19.4 Armour
 + Level 19.7(24.1) Dodging
 - Level 3.9(8.1) Stealth
 + Level 18.1 Shields
 - Level 23.0(27) Spellcasting
 - Level 23.0(25.0) Conjurations
 - Level 23.0(25.0) Hexes
 - Level 23.0(27) Summonings
 - Level 23.0(27) Necromancy
 - Level 23.0(25.0) Translocations
 - Level 23.0(25.0) Transmutations
 - Level 23.0(25.0) Fire Magic
 - Level 23.0(25.0) Ice Magic
 - Level 23.0(25.0) Air Magic
 - Level 23.0(25.0) Earth Magic
 - Level 23.0(25.0) Poison Magic
 + Level 7.2 Evocations


You knew the following spells:

 Your Spells              Type           Power      Damage    Failure   Level
a - Shock                 Conj/Air       100%       1d9       0%          1
b - Blink                 Tloc           100%       N/A       0%          2
c - Infestation           Necr           54%        N/A       1%          8
d - Haunt                 Necr/Summ      54%        N/A       1%          7
e - Lehudib's Crystal Sp  Conj/Erth      52%        10d12     1%          8
f - Borgnjor's Vile Clut  Necr/Erth      53%        N/A       0%          5
g - Eringya's Noxious Bo  Tmut/Pois      52%        4d6       0%          6
h - Magic Dart            Conj           100%       1d8       0%          1
i - Call Imp              Summ           100%       N/A       0%          2
j - Orb of Destruction    Conj           52%        9d13      1%          7
k - Enfeeble              Hex            52%        N/A       1%          7
l - Mephitic Cloud        Conj/Pois/Air  100%       N/A       0%          3
m - Passwall              Tmut/Erth      87%        N/A       0%          2
n - Portal Projectile     Hex/Tloc       100%       N/A       0%          3
p - Polar Vortex          Ice            64%        12d8*     8%          9
r - Olgreb's Toxic Radia  Pois           100%       N/A       0%          4
s - Slow                  Hex            100%       N/A       0%          1
v - Poisonous Vapours     Pois/Air       100%       N/A       0%          2
Your spell library was empty.

Dungeon Overview and Level Annotations

Branches:
Dungeon (15/15)            Temple (1/1) D:4            Lair (5/5) D:8
 Shoals (4/4) Lair:2       Spider (4/4) Lair:2        Slime (0/5) Lair:4
    Orc (2/2) D:10            Elf (3/3) Orc:2        Vaults (5/5) D:14
  Crypt (0/3) Vaults:3     Depths (4/4) D:15            Zot (5/5) Depths:4
  IceCv (visited)         Volcano (visited)          WizLab (visited)

Altars:
Ashenzari
Cheibriados
Dithmenos
Elyvilon
Fedhas
Gozag
Hepliaklqana
Makhleb
Nemelex Xobeh
Okawaru
Qazlal
Ru
Trog
Uskayaw
Wu Jian
Xom
Yredelemnul
Zin
The Shining One

Shops:
D:15 *([=   Orc:2 :*(*[   Elf:3 *   Vaults:3 =   Vaults:4 [   Depths:1 (?
Depths:3 (

Portals:
Hell: Depths:1 Depths:2 Depths:3 Depths:4
Abyss: Depths:1 Depths:3
Pandemonium: Depths:2
Ziggurat: Depths:4
Trove: Vaults:1 (give 8 scrolls of fog)

Annotations:
D:1 exclusion: downstairs
D:3 exclusion: upstairs
D:4 exclusion: downstairs
D:7 exclusion: downstairs
D:10 1 runed translucent door, casual's ghost, journeyman MeFi
D:14 Roxanne
Lair:2 exclusion: upstairs
Lair:4 exclusion: downstairs
Lair:5 exclusion: obsidian statue
Orc:2 1 runed translucent door, Flippered's ghost, journeyman MfIE
Elf:1 3 runed translucent doors, funaii's ghost, adept DESu
Elf:2 5 runed translucent doors
Zot:5 4 transporters


Innate Abilities, Weirdness & Mutations

You are immune to sickness and miasma.
You are immune to poison.
Your flesh is very heat resistant. (rF++)
You are vulnerable to cold. (rC-)
You float through the air rather than walking.
You learn spells naturally, not from books.
Your magical power is your life essence.
You have superior vitality. (+4 MHP)
Your muscles are very strong. (Str +8, Int/Dex -2)


Message History

There is an open door here.
A tormentor comes into view.
Casting: Haunt (safe; 1% risk of failure)
Confirm with . or Enter, or press ? or * to list all spells.
Aiming: Lehudib's Crystal Spear (mildly dangerous; 1% risk of failure)
Press: ? - help, Shift-Dir - straight line, f - tormentor
Aim: a tormentor (79% to hit)
The crystal spear hits the tormentor!!!!
You kill the tormentor!
Unknown command.
Okay, then.
HP restored.
There is an open door here.
An Orb Guardian comes into view.
Casting: Lehudib's Crystal Spear (mildly dangerous; 1% risk of failure)
Confirm with . or Enter, or press ? or * to list all spells.
Aiming: Lehudib's Crystal Spear (mildly dangerous; 1% risk of failure)
Press: ? - help, Shift-Dir - straight line, f - Orb Guardian
Aim: an Orb Guardian (76% to hit)
The crystal spear misses the Orb Guardian.
Unknown command.
Casting: Lehudib's Crystal Spear (mildly dangerous; 1% risk of failure)
Confirm with . or Enter, or press ? or * to list all spells.
Aiming: Lehudib's Crystal Spear (mildly dangerous; 1% risk of failure)
Press: ? - help, Shift-Dir - straight line, f/p - Orb Guardian
Aim: an Orb Guardian (76% to hit)
The crystal spear hits the Orb Guardian!!!!
The Orb Guardian is almost dead.
You block the Orb Guardian's attack.
Unknown command.
Casting: Lehudib's Crystal Spear (mildly dangerous; 1% risk of failure)
Confirm with . or Enter, or press ? or * to list all spells.
Aiming: Lehudib's Crystal Spear (mildly dangerous; 1% risk of failure)
Press: ? - help, Shift-Dir - straight line, f/p - Orb Guardian
Aim: an Orb Guardian (almost dead, 76% to hit)
The crystal spear hits the Orb Guardian!!!!
You kill the Orb Guardian!
There is a staircase leading out of the dungeon here.
You can't go down here!
You have escaped!

...## #.###
#Z#..#Z##..## ##.
..## #.#
####..####.## ## +##
#.# #^#...#Z##.# # .#
#.# ###...####.## .#
##.#
#Z#...#Z##..######
.## #..#
###...#####......####
..## #.## #Z#...#Z#
#.##....... ...# #.#
###...### #.##.#.###.
..## #.# ##@##
#.##.#.# ## .######.#
### #.##.#.# #
........# #....#.#
######### #.####.#
#......# ########


You could see a merfolk zombie and a draconian skeleton (wandering).

Vanquished Creatures
  2 ancient liches
  4 dread liches
  Mara (Depths:3)
  2 orbs of fire (Zot:5)
  2 Killer Klowns
  Margery (Vaults:2)
  Saint Roka (Orc:2)
  2 caustic shrikes
  Nikola (Elf:3)
  6 golden dragons
  4 electric golems
  18 Orb Guardians
  6 tentacled monstrosities
  Asterion (Elf:3)
  2 quicksilver dragons
  2 sphinxes
  Aizul (Vaults:2)
  9 death cobs
  Gastronok (Lair:1)
  4 shadow dragons
  Agnes (Elf:2)
  5 draconian monks
  3 tengu reavers
  10 storm dragons
  2 fire giants
  4 draconian knights
  6 draconian scorchers
  7 vault wardens
  A deep elf elementalist (Elf:3)
  3 deep elf sorcerers (Elf:3)
  3 frost giants
  An iron dragon (Vaults:5)
  An angel (Elf:1)
  4 draconian stormcallers
  2 draconian shifters
  6 ghost moths
  6 ironbound preservers
  2 spriggan defenders (Depths:3)
  8 very ugly things
  5 draconian annihilators
  4 orc warlords
  2 demonspawn blood saints (Depths:1)
  3 war gargoyles
  A stone giant (shapeshifter) (D:8)
  2 broodmothers (Spider:4)
  2 formless jellyfish (Vaults:2)
  The ghost of Roinetu the Thaumaturge, a journeyman DjEE of Makhleb (D:12)
  Nessos (D:14)
  7 black draconians
  4 ironbound thunderhulks
  2 vampire knights
  6 stone giants
  A deep elf demonologist (Elf:3)
  9 green draconians
  2 deep elf annihilators (Elf:3)
  A spark wasp (Depths:1)
  13 white draconians
  8 red draconians
  15 dire elephants
  4 yellow draconians
  12 purple draconians
  A statue (WizLab)
  10 ettins
  A blizzard demon (Depths:1)
  A merfolk javelineer (Shoals:4)
  A deep elf death mage (Vaults:5)
  Josephine (D:12)
  Snorg (D:11)
  4 merfolk impalers
  2 fire dragons (Depths:2)
  2 crystal guardians (Vaults:1)
  2 great orbs of eyes
  6 yaktaur captains
  A deep elf high priest (Elf:3)
  3 entropy weavers
  An ice dragon (Depths:1)
  19 vault guards
  3 peacekeepers
  A catoblepas (Lair:5)
  3 ironbound frosthearts
  6 hydras
  2 radroaches
  4 centaur warriors
  2 merfolk aquamancers (Shoals:4)
  3 spriggan air magi
  A jorogumo (Spider:4)
  15 dancing weapons
  6 boulder beetles
  4 orc high priests (Orc:2)
  4 deep troll shamans
  A deep troll earth mage (Depths:1)
  3 tengu warriors
  4 two-headed ogres
  2 spriggan berserkers
  8 death yaks
  Sonja (Lair:3)
  Urug (D:10)
  3 demonic crawlers
  9 deep elf knights
  A sun demon (Depths:4)
  5 skeletal warriors (D:13)
  2 skysharks
  15 hell knights
  5 iron trolls
  A spectral death yak (Lair:5)
  A death drake (Depths:2)
  23 deep trolls
  5 sea snakes
  6 pharaoh ants
  A spectral anaconda (Lair:5)
  Lodul (D:14)
  5 glowing orange brains
  6 orb spiders
  2 bog bodies (IceCv)
  2 harpies (Vaults:3)
  6 steelbarb worms
  7 deep elf archers
  Pikel (D:5)
  11 lindwurms
  9 ironbound convokers
  10 orc knights
  14 deep elf zephyrmancers
  26 wolf spiders
  9 necromancers
  6 wizards
  22 deep elf pyromancers
  15 ugly things
  5 orc sorcerers (Orc:2)
  6 manticores
  A fire giant zombie (D:15)
  A sphinx skeleton (D:15)
  3 cyclopes
  4 fauns
  14 moths of wrath
  11 elephants (Lair:5)
  11 vault sentinels
  4 toenail golems (Volcano)
  3 water nymphs
  A merfolk siren (Lair:2)
  A rust devil (D:13)
  A black mamba (Lair:3)
  8 torpor snails
  An unseen horror (D:11)
  14 cane toads
  2 gargoyles (D:13)
  4 rime drakes
  12 komodo dragons
  14 yaktaurs
  A tormentor (D:1)
  2 anaconda simulacra (IceCv)
  7 tengu conjurers
  10 trolls
  A queen bee (shapeshifter) (Elf:2)
  9 merfolk
  A meliai (D:14)
  4 polar bears
  A red devil (Zot:5)
  A wind drake (Shoals:4)
  Prince Ribbit (D:5)
  4 hornets
  24 tarantellas
  10 dream sheep
  A snapping turtle (Shoals:4)
  28 blink frogs
  A centaur simulacrum (D:14)
  Sigmund (D:2)
  22 slime creatures
  43 jumping spiders
  2 air elementals (Shoals:4)
  11 culicivoras
  7 wraiths
  2 spriggans (Depths:3)
  18 water elementals
  2 nameless horrors
  5 wyverns
  A wyvern (shapeshifter) (D:9)
  Eustachio (D:5)
  4 shadows
  2 basilisks
  A golden eye (Depths:4)
  16 humans (D:14)
  37 yaks
  12 fire elementals
  55 redbacks
  7 vampire mosquitoes
  8 steam dragons
  Grum (D:9)
  A neqoxec (Depths:4)
  2 death yak simulacra
  6 wargs (Orc:2)
  3 acid dragons (D:9)
  A hydra simulacrum (IceCv)
  7 hell hounds (D:13)
  19 water moccasins
  48 orc warriors
  A black bear (D:7)
  A black bear (shapeshifter) (D:14)
  2 ice beasts
  2 sky beasts
  5 wolves
  2 elephant skeletons (Lair:5)
  A lemure (D:5)
  16 ogres
  8 centaurs
  6 kobold brigands
  3 elf zombies (Elf:1)
  15 bullfrogs
  A gnoll sergeant (D:9)
  6 two-headed ogre simulacra (IceCv)
  5 scorpions
  6 cane toad simulacra
  5 wights
  17 killer bees
  8 howler monkeys
  2 electric eels (Lair:2)
  3 jellies
  10 orc priests
  2 hounds
  A sleepcap (D:5)
  Jessica (D:2)
  4 iguanas
  26 orc wizards
  3 spriggan simulacra (IceCv)
  3 troll simulacra (IceCv)
  3 wolf simulacra (IceCv)
  3 polar bear simulacra (IceCv)
  3 gnolls (D:4)
  5 naga simulacra (IceCv)
  4 adders
  22 white imps
  10 ufetubi
  3 worms
  2 dart slugs
  70 orcs
  11 endoplasms
  2 giant cockroaches
  4 goblins
  6 hobgoblins
  7 jackals
  20 kobolds
  3 quokkas
  10 ball pythons
  4 bats
  3 frilled lizards
  6 rats
  A butterfly (Lair:2)
1548 creatures vanquished.

Vanquished Creatures (collateral kills)
  2 ancient liches (Zot:5)
  2 juggernauts (Depths:2)
  A Killer Klown (Zot:5)
  4 caustic shrikes
  Jory (Vaults:2)
  the Enchantress (Depths:3)
  7 golden dragons
  An electric golem (Zot:1)
  Norris (Depths:2)
  Jorgrun (Shoals:1)
  11 tentacled monstrosities
  Mlioglotl (Spider:1)
  9 Orb Guardians
  A lich (Depths:1)
  4 titans
  A deep elf master archer (Elf:3)
  4 quicksilver dragons
  A deep elf blademaster (Elf:3)
  Polyphemus (Shoals:2)
  4 sphinxes
  4 death cobs
  4 shadow dragons
  8 tengu reavers
  A draconian monk (Zot:2)
  Donald (Shoals:1)
  4 fire giants
  7 storm dragons
  Ilsuiw (Shoals:3)
  8 deep elf sorcerers
  4 draconian scorchers
  8 frost giants
  2 draconian knights (Zot:2)
  2 emperor scorpions (Spider:4)
  14 vault wardens
  An iron dragon (Depths:3)
  A balrug (Depths:3)
  A ghost moth (Spider:4)
  6 draconian stormcallers
  5 draconian shifters
  3 deep elf elementalists
  A spriggan defender (Depths:3)
  An orc warlord (Vaults:1)
  9 ironbound preservers
  3 ironbound thunderhulks
  5 draconian annihilators
  3 war gargoyles
  A formless jellyfish (Vaults:3)
  An angel (Elf:1)
  16 very ugly things
  17 stone giants
  6 deep elf demonologists
  4 deep elf annihilators (Elf:3)
  6 green draconians
  16 purple draconians
  6 white draconians
  5 yellow draconians
  A spark wasp (Depths:2)
  9 red draconians
  6 black draconians
  4 dire elephants
  A blizzard demon (Depths:1)
  8 statues (WizLab)
  6 merfolk javelineers
  An entropy weaver (shapeshifter) (D:15)
  3 deep elf death magi
  4 merfolk impalers
  A crystal guardian (Vaults:2)
  5 fire dragons
  11 ettins
  2 great orbs of eyes
  7 yaktaur captains
  3 entropy weavers
  7 deep elf high priests
  4 ice dragons
  A nameless horror (Spider:1)
  5 rakshasas
  10 vault guards
  2 centaur warriors (Vaults:1)
  2 ironbound frosthearts (Vaults:3)
  3 ogre magi
  A spriggan air mage (Depths:1)
  A satyr (Shoals:4)
  3 two-headed ogres (Vaults:4)
  A merfolk avatar (Shoals:4)
  3 merfolk aquamancers (Shoals:4)
  3 dancing weapons
  An alligator snapping turtle (Shoals:4)
  A catoblepas (Shoals:2)
  A death yak (Shoals:2)
  3 tengu warriors
  7 demonic crawlers
  3 vampire magi
  11 deep troll earth magi
  6 deep troll shamans
  2 spriggan berserkers
  10 hell knights
  A deep elf knight (Elf:1)
  A sun demon (Depths:3)
  4 iron trolls
  A spectral death yak (Lair:5)
  3 pharaoh ants (Spider:3)
  5 sea snakes
  A skeletal warrior (D:15)
  2 large abominations (Elf:1)
  3 skysharks
  A death drake (Depths:2)
  2 orb spiders (Spider:3)
  A glowing orange brain (Depths:3)
  31 deep trolls
  An orange crystal statue (Zot:5)
  A deep troll (shapeshifter) (Vaults:5)
  A glowing orange brain (shapeshifter) (Vaults:2)
  3 lindwurms
  A steelbarb worm (Spider:4)
  7 deep elf archers
  6 wizards
  A shadow dragon zombie (D:15)
  8 necromancers
  3 harpies
  6 deep elf pyromancers
  10 ironbound convokers
  5 orc knights
  5 phantasmal warriors
  2 cyclopes
  15 ugly things
  A wolf spider (shapeshifter) (Vaults:5)
  7 deep elf zephyrmancers
  8 manticores
  3 fauns
  2 wolf spiders (Spider:3)
  A salamander (Elf:3)
  8 moths of wrath
  A toenail golem (Volcano)
  5 merfolk sirens
  An elephant (shapeshifter) (Vaults:5)
  A smoke demon (Depths:3)
  A stone giant skeleton (D:15)
  5 water nymphs (Shoals:4)
  A cane toad (shapeshifter) (Elf:3)
  9 vault sentinels
  A cane toad (Lair:1)
  17 yaktaurs
  2 efreet
  A komodo dragon (Lair:1)
  9 tengu conjurers
  A guardian mummy (D:15)
  A freezing wraith (Vaults:5)
  11 merfolk
  A tarantella (Spider:1)
  A tarantella (shapeshifter) (Vaults:5)
  A spectral elephant (Lair:5)
  8 wind drakes
  4 snapping turtles
  4 slime creatures
  A culicivora (Spider:4)
  4 air elementals
  4 jumping spiders
  A spriggan (Depths:3)
  2 water elementals (Shoals:4)
  A wraith (D:9)
  12 fire elementals
  A basilisk (Lair:1)
  3 golden eyes (Depths:4)
  5 redbacks
  A neqoxec (D:14)
  A floating eye (Depths:1)
  2 orc warriors (Vaults:5)
  2 ice beasts (D:6)
  3 ogres (Vaults:4)
  3 wolves
  2 elephant skeletons (Lair:5)
  An elf zombie (Elf:1)
  2 earth elementals (Elf:2)
  2 wights (D:9)
  2 electric eels (Spider:3)
  4 orc wizards
  An adder (D:6)
  A white imp (Vaults:2)
  9 orcs
  2 endoplasms
  A hobgoblin (D:1)
  A butterfly (Lair:2)
727 creatures vanquished.

Vanquished Creatures (others)
  A draconian scorcher (Zot:5)
  A red draconian (Zot:3)
  A dancing weapon (Elf:2)
  A deep troll earth mage (Depths:2)
  A flayed ghost (Depths:1)
  A deep elf pyromancer (Elf:2)
  2 wizards
  A deep elf zephyrmancer (Elf:3)
  A yaktaur (Vaults:3)
  A slime creature (Vaults:2)
11 creatures vanquished.

Grand Total: 2286 creatures vanquished

Notes
Turn   | Place    | Note
-------+----------+-------------------------------------------
     0 | D:1      | motkurizz the Djinni Hedge Wizard began the quest for the
                  | Orb.
     0 | D:1      | motkurizz set off with the following spells memorised:
                  | Magic Dart, Slow, Blink, Call Imp, Mephitic Cloud.
     0 | D:1      | Reached XP level 1. HP: 15/15 MP: 0/0
     0 | D:1      | Noticed a merfolk zombie
    15 | D:1      | Noticed a vampire
   433 | D:1      | Reached XP level 2. HP: 14/21 MP: 0/0
   623 | D:1      | Reached skill level 1 in Fighting
   819 | D:1      | Reached XP level 3. HP: 26/28 MP: 0/0
   819 | D:1      | Learned a level 1 spell: Shock
  1141 | D:2      | Noticed Sigmund
  1454 | D:2      | Reached XP level 4. HP: 26/34 MP: 0/0
  2543 | D:5      | Entered Level 5 of the Dungeon
  2543 | D:5      | Noticed a lemure
  2612 | D:4      | Reached XP level 5. HP: 27/40 MP: 0/0
  2612 | D:4      | Learned a level 2 spell: Poisonous Vapours
  2868 | D:4      | Found a staircase to the Ecumenical Temple.
  2878 | Temple   | Entered the Ecumenical Temple
  2909 | Temple   | Became a worshipper of Ashenzari the Shackled
  2949 | D:4      | Reached XP level 6. HP: 45/46 MP: 0/0
  3313 | D:4      | Reached skill level 5 in Spellcasting
  3313 | D:4      | Reached skill level 5 in Conjurations
  3313 | D:4      | Reached skill level 5 in Hexes
  3313 | D:4      | Reached skill level 5 in Summonings
  3313 | D:4      | Reached skill level 5 in Necromancy
  3313 | D:4      | Reached skill level 5 in Translocations
  3313 | D:4      | Reached skill level 5 in Transmutations
  3313 | D:4      | Reached skill level 5 in Fire Magic
  3313 | D:4      | Reached skill level 5 in Ice Magic
  3313 | D:4      | Reached skill level 5 in Air Magic
  3313 | D:4      | Reached skill level 5 in Earth Magic
  3313 | D:4      | Reached skill level 5 in Poison Magic
  3719 | D:4      | Reached XP level 7. HP: 34/51 MP: 0/0
  3719 | D:4      | Learned a level 2 spell: Passwall
  4097 | D:2      | Noticed Jessica
  4102 | D:2      | Killed Jessica
  4130 | D:2      | Killed Sigmund
  4131 | D:2      | Reached skill level 5 in Fighting
  4658 | D:5      | Noticed Pikel
  4676 | D:5      | Killed Pikel
  4677 | D:5      | Reached XP level 8. HP: 44/61 MP: 0/0
  4765 | D:5      | Reached skill level 5 in Dodging
  5116 | D:5      | Noticed Eustachio
  5127 | D:5      | Killed Eustachio
  5128 | D:5      | Reached XP level 9. HP: 42/66 MP: 0/0
  5128 | D:5      | Learned a level 3 spell: Portal Projectile
  5326 | D:5      | Found a glowing silver altar of Zin.
  5417 | D:5      | Noticed Prince Ribbit
  5418 | D:5      | Reached skill level 5 in Armour
  5451 | D:5      | Killed Prince Ribbit
  5900 | D:6      | Reached * piety under Ashenzari
  6566 | D:7      | Found a white marble altar of Elyvilon.
  6725 | D:7      | Reached ** piety under Ashenzari
  6990 | D:7      | Reached XP level 10. HP: 61/73 MP: 0/0
  6994 | D:7      | Reached skill level 1 in Short Blades
  7187 | D:7      | Reached *** piety under Ashenzari
  7348 | D:8      | Found an ornate altar of the Wu Jian Council.
  7723 | D:8      | Reached skill level 1 in Evocations
  8040 | D:8      | Noticed a red ugly thing
  8067 | D:8      | Killed a red ugly thing
  8517 | D:9      | Noticed Grum
  8530 | D:9      | Reached XP level 11. HP: 29/82 MP: 0/0
  8530 | D:9      | Learned a level 4 spell: Olgreb's Toxic Radiance
  8558 | D:9      | Killed Grum
  8600 | D:9      | Identified the +0 whip "Ycluw" {flame, *Rage Int+9 Dex-4
                  | Stlth+}
  9072 | D:9      | Found a bloodstained altar of Trog.
  9173 | D:9      | Noticed a two-headed ogre
  9261 | D:9      | Killed a two-headed ogre
  9567 | D:9      | Reached skill level 10 in Dodging
  9769 | D:9      | Noticed a tengu warrior
  9807 | D:9      | Killed a tengu warrior
 10042 | D:9      | Noticed a centaur warrior
 10102 | D:9      | Killed a centaur warrior
 10609 | D:8      | Found a staircase to the Lair.
 10858 | D:8      | Identified the Precepts of the Land of Plenty
 10858 | D:8      | Identified the Secrets of the Pirate
 11113 | D:8      | Noticed an eight-headed hydra
 11136 | D:8      | Killed an eight-headed hydra
 11137 | D:8      | Reached XP level 12. HP: 91/93 MP: 0/0
 11882 | D:8      | Noticed an ettin
 11911 | D:8      | Noticed a ghost moth
 11914 | D:8      | a ghost moth changed into a four-headed hydra
 11914 | D:8      | Noticed a four-headed hydra (shapeshifter)
 12144 | D:9      | Noticed a two-headed ogre
 12179 | D:9      | Killed a two-headed ogre
 12180 | D:9      | Reached skill level 10 in Fighting
 13010 | D:8      | Noticed a fenstrider witch
 13222 | Lair:1   | Entered Level 1 of the Lair of Beasts
 13239 | Lair:1   | Noticed Gastronok
 13251 | Lair:1   | Killed Gastronok
 13252 | Lair:1   | Reached skill level 5 in Short Blades
 13898 | Lair:1   | Reached **** piety under Ashenzari
 14898 | Lair:2   | Reached XP level 13. HP: 97/97 MP: 0/0
 14898 | Lair:2   | Learned a level 5 spell: Borgnjor's Vile Clutch
 14926 | Lair:2   | Found a hole to the Spider Nest.
 15157 | D:8      | Noticed a stone giant
 16470 | Lair:2   | Found a staircase to the Shoals.
 17145 | Lair:3   | Noticed Sonja
 17150 | Lair:3   | Killed Sonja
 18088 | Lair:3   | Identified the +3 trident of Gudocsao {heavy, rF+ rN+}
 18121 | Lair:3   | Reached ***** piety under Ashenzari
 18210 | Lair:3   | Noticed a four-headed hydra
 18221 | Lair:3   | Killed a four-headed hydra
 18222 | Lair:3   | Reached skill level 10 in Spellcasting
 18222 | Lair:3   | Reached skill level 10 in Conjurations
 18222 | Lair:3   | Reached skill level 10 in Hexes
 18222 | Lair:3   | Reached skill level 10 in Summonings
 18222 | Lair:3   | Reached skill level 10 in Necromancy
 18222 | Lair:3   | Reached skill level 10 in Translocations
 18222 | Lair:3   | Reached skill level 10 in Transmutations
 18222 | Lair:3   | Reached skill level 10 in Fire Magic
 18222 | Lair:3   | Reached skill level 10 in Ice Magic
 18222 | Lair:3   | Reached skill level 10 in Air Magic
 18222 | Lair:3   | Reached skill level 10 in Earth Magic
 18222 | Lair:3   | Reached skill level 10 in Poison Magic
 18621 | Lair:4   | Reached XP level 14. HP: 75/103 MP: 0/0
 18780 | Lair:4   | Found a frozen archway.
 18823 | IceCv    | Entered an ice cave
 20149 | IceCv    | Identified the Elucidation of Refrigeration
 20153 | IceCv    | Found the +10 dark maul {heavy}
 20231 | Lair:4   | Found a staircase to the Slime Pits.
 21284 | Lair:5   | Entered Level 5 of the Lair of Beasts
 21466 | Lair:5   | Reached skill level 1 in Shields
 22029 | Lair:5   | Noticed a dire elephant
 22029 | Lair:5   | Noticed a dire elephant
 22030 | Lair:5   | Noticed a dire elephant
 22030 | Lair:5   | Noticed a dire elephant
 22711 | Lair:5   | Reached XP level 15. HP: 97/112 MP: 0/0
 22711 | Lair:5   | Learned a level 6 spell: Eringya's Noxious Bog
 23760 | Lair:5   | Reached skill level 5 in Shields
 23884 | Lair:5   | Identified a scroll of acquirement
 24469 | D:8      | Killed a stone giant
 24725 | D:10     | Entered Level 10 of the Dungeon
 24727 | D:10     | Found a runed translucent door.
 24939 | D:10     | Noticed Urug
 24952 | D:10     | Killed Urug
 25331 | D:10     | Found a staircase to the Orcish Mines.
 26275 | Orc:1    | Entered Level 1 of the Orcish Mines
 26830 | Orc:2    | Entered Level 2 of the Orcish Mines
 26848 | Orc:2    | Noticed an orc warlord
 26864 | Orc:2    | Killed an orc warlord
 27008 | Orc:2    | Found Hirubaun's Book Emporium.
 27017 | Orc:2    | Found a staircase to the Elven Halls.
 27040 | Orc:2    | Found a dark tunnel.
 27046 | Volcano  | Entered a volcano
 27364 | Volcano  | Reached XP level 16. HP: 93/126 MP: 0/0
 27534 | Volcano  | Reached skill level 1 in Staves
 28056 | Orc:2    | Noticed Saint Roka
 28105 | Orc:2    | Killed Saint Roka
 28631 | Orc:2    | Found Gichenae's Antique Weapon Emporium.
 28650 | Orc:2    | Found Uronorra's General Store.
 28753 | Orc:2    | Found Kiucvabb's Antique Armour Boutique.
 28766 | Orc:2    | Found Xizotaz's Assorted Antiques.
 28905 | Orc:2    | Found a runed translucent door.
 28905 | Orc:2    | Noticed Flippered's ghost (journeyman MfIE)
 28947 | Orc:2    | Bought a thick peridot amulet for 130 gold pieces
 29261 | D:10     | Noticed casual's ghost (journeyman MeFi)
 29680 | D:11     | Noticed Snorg
 29694 | D:11     | Killed Snorg
 29806 | D:11     | Found a glowing golden altar of the Shining One.
 30019 | D:12     | Found a runed translucent door.
 30019 | D:12     | Found a shimmering altar of Xom.
 30019 | D:12     | Noticed Roinetu's ghost (journeyman DjEE)
 30087 | D:12     | Noticed Josephine
 30094 | D:12     | Killed Josephine
 30289 | D:12     | Reached ****** piety under Ashenzari
 30970 | D:12     | Killed Roinetu's ghost
 31274 | D:13     | Reached skill level 5 in Evocations
 32377 | D:14     | Found a gate to the Vaults.
 32381 | D:14     | Reached XP level 17. HP: 94/138 MP: 0/0
 32381 | D:14     | Learned a level 7 spell: Haunt
 32531 | D:14     | Noticed Nessos
 32539 | D:14     | Killed Nessos
 32634 | D:14     | Noticed Lodul
 32636 | D:14     | Noticed Roxanne
 32642 | D:14     | Killed Lodul
 32743 | D:14     | Reached skill level 5 in Staves
 33583 | Spider:1 | Entered Level 1 of the Spider Nest
 33764 | Spider:1 | Noticed Mlioglotl
 35155 | Spider:1 | Killed Mlioglotl
 35412 | Spider:2 | Reached XP level 18. HP: 146/146 MP: 0/0
 35434 | Spider:2 | Reached XP level 19. HP: 151/151 MP: 0/0
 35434 | Spider:2 | Learned a level 7 spell: Orb of Destruction
 36179 | Spider:3 | Reached skill level 15 in Spellcasting
 36179 | Spider:3 | Reached skill level 15 in Conjurations
 36179 | Spider:3 | Reached skill level 15 in Hexes
 36179 | Spider:3 | Reached skill level 15 in Summonings
 36179 | Spider:3 | Reached skill level 15 in Necromancy
 36179 | Spider:3 | Reached skill level 15 in Translocations
 36179 | Spider:3 | Reached skill level 15 in Transmutations
 36179 | Spider:3 | Reached skill level 15 in Fire Magic
 36179 | Spider:3 | Reached skill level 15 in Ice Magic
 36179 | Spider:3 | Reached skill level 15 in Air Magic
 36179 | Spider:3 | Reached skill level 15 in Earth Magic
 36179 | Spider:3 | Reached skill level 15 in Poison Magic
 36605 | Spider:4 | Entered Level 4 of the Spider Nest
 37411 | Spider:4 | Identified the +3 hat "Pig Hoos" {rN++ Int+6}
 37422 | Spider:4 | Identified the +2 pair of gloves of the Breadfruit {Str+3
                  | Int-3 Dex+2}
 37449 | Spider:4 | Got a gossamer rune of Zot
 38022 | Shoals:1 | Entered Level 1 of the Shoals
 38022 | Shoals:1 | Noticed Donald
 38026 | Shoals:1 | Killed Donald
 38636 | Shoals:1 | Noticed Jorgrun
 38644 | Shoals:1 | Killed Jorgrun
 38906 | Shoals:2 | Noticed Polyphemus
 38915 | Shoals:2 | Killed Polyphemus
 38981 | Shoals:2 | Reached XP level 20. HP: 135/157 MP: 0/0
 39728 | Shoals:3 | Noticed Ilsuiw
 39737 | Shoals:3 | Killed Ilsuiw
 39738 | Shoals:3 | Reached skill level 15 in Fighting
 40429 | Shoals:4 | Entered Level 4 of the Shoals
 40445 | Shoals:4 | Paralysed by an air elemental for 1 turns
 40450 | Shoals:3 | Paralysed by an air elemental for 1 turns
 40882 | Shoals:4 | Paralysed by an air elemental for 1 turns
 40887 | Shoals:4 | Reached skill level 10 in Armour
 41101 | Shoals:4 | Identified the ring "Qozis" {rPois Will- rCorr Str+4}
 41658 | Shoals:4 | Got a barnacled rune of Zot
 41766 | Shoals:4 | Paralysed by an air elemental for 1 turns
 42328 | D:15     | Entered Level 15 of the Dungeon
 42371 | D:15     | Found an opulent altar of Gozag.
 42410 | D:15     | Found Ahaboasm's Assorted Antiques.
 42418 | D:15     | Bought a scroll labelled YDEGASSISO for 39 gold pieces
 42442 | D:15     | Found Ijipubea's Armour Boutique.
 42541 | D:15     | Found a staircase to the Depths.
 42660 | D:15     | Found Nuicub's Weapon Emporium.
 42682 | D:15     | Found Xaasar's Jewellery Boutique.
 42863 | Depths:1 | Entered Level 1 of the Depths
 42928 | Depths:1 | Reached XP level 21. HP: 94/167 MP: 0/0
 42928 | Depths:1 | Learned a level 7 spell: Enfeeble
 43229 | Depths:1 | Paralysed by a floating eye for 4 turns
 43472 | Elf:1    | Entered Level 1 of the Elven Halls
 43735 | Elf:1    | Found a glowing silver altar of Zin.
 43735 | Elf:1    | Found a white marble altar of Elyvilon.
 44305 | Elf:1    | Found a glowing golden altar of the Shining One.
 44561 | Elf:1    | Reached skill level 15 in Dodging
 44593 | Elf:1    | Identified the Exposition on Lamentation
 44827 | Elf:1    | Found a runed translucent gate.
 44828 | Elf:1    | Found a runed translucent gate.
 44829 | Elf:1    | Found a runed translucent gate.
 44864 | Elf:1    | Reached skill level 10 in Shields
 44952 | Elf:1    | Found a runed translucent gate.
 44952 | Elf:1    | Found a runed translucent gate.
 44956 | Elf:1    | Found a runed translucent gate.
 44956 | Elf:1    | Noticed funaii's ghost (adept DESu)
 44961 | Elf:1    | Identified the +1 hat of Follow the Leader {rC+}
 45097 | Elf:2    | Noticed Agnes
 45107 | Elf:2    | Killed Agnes
 45214 | Elf:2    | Found a huge runed translucent gate.
 45214 | Elf:2    | Found a huge runed translucent gate.
 45214 | Elf:2    | Found a huge runed translucent gate.
 45214 | Elf:2    | Found a huge runed translucent gate.
 45217 | Elf:2    | Found a huge runed translucent gate.
 45256 | Elf:2    | Paralysed by an air elemental for 1 turns
 45261 | Elf:2    | Paralysed by an air elemental for 1 turns
 45634 | Elf:3    | Entered Level 3 of the Elven Halls
 45735 | Elf:3    | Noticed Nikola
 45744 | Elf:3    | Killed Nikola
 45762 | Elf:3    | Noticed Asterion
 45861 | Elf:3    | Reached XP level 22. HP: 182/182 MP: 0/0
 45877 | Elf:3    | Killed Asterion
 45911 | Elf:3    | Found Bichox's Elven Fire.
 45922 | Elf:3    | Bought the ring "Muniusim" {rElec rPois rF+ Dex+2} for 853
                  | gold pieces
 46410 | Elf:3    | Identified the +2 scale mail of Quantum Leap {rElec Will-
                  | Regen+ SInv}
 47024 | Elf:3    | Identified the ring "Wijo Yro" {Will+ Str+6}
 47024 | Elf:3    | Identified the +3 plate armour of Tender Moments {Slay+2}
 47467 | Elf:3    | Identified the +7 halberd of Breach {freeze, rPois Dex+3}
 47496 | Elf:3    | Identified the Compendium of Destructive Scree
 47890 | Vaults:1 | Entered Level 1 of the Vaults
 47977 | Vaults:1 | Found a magical portal.
 48000 | WizLab   | Entered Iskenderun's Mystic Tower
 48645 | WizLab   | Identified Iskenderun's Spellbook of Trauma
 48645 | WizLab   | Identified Iskenderun's Quarto of the Missiles
 49082 | Vaults:1 | Reached XP level 23. HP: 141/184 MP: 0/0
 49082 | Vaults:1 | Learned a level 8 spell: Infestation
 49436 | Vaults:1 | Identified the +6 hand axe of Doors {flame, Int+3}
 49617 | Vaults:1 | Found a portal to a secret trove of treasure.
 50288 | Vaults:2 | Noticed Margery
 50298 | Vaults:2 | Killed Margery
 50432 | Vaults:2 | Noticed Aizul
 50441 | Vaults:2 | Killed Aizul
 51091 | Vaults:2 | Noticed Jory
 51105 | Vaults:2 | Killed Jory
 51775 | Vaults:3 | Reached XP level 24. HP: 90/198 MP: 0/0
 51832 | Vaults:3 | Found a staircase to the Crypt.
 51832 | Vaults:3 | Found a basalt altar of Yredelemnul.
 52308 | Vaults:3 | Found Qaufra Fouge's Jewellery Shoppe.
 53258 | Vaults:4 | Found Meafrir's Armour Shop.
 53264 | Vaults:4 | Bought the +2 ring mail of Elyvilon, Screaming {Regen+
                  | Dex+2 Stlth+} for 392 gold pieces
 53501 | Vaults:4 | Reached skill level 15 in Shields
 54537 | Lair:5   | Acquired 911 gold pieces
 55068 | Depths:1 | Found Joqieze's Magic Scroll Shoppe.
 55073 | Depths:1 | Found Weugum's Weapon Shoppe.
 55077 | Depths:1 | Bought a scroll of teleportation for 48 gold pieces
 55077 | Depths:1 | Bought a scroll of teleportation for 48 gold pieces
 55077 | Depths:1 | Bought 3 scrolls of teleportation for 144 gold pieces
 55077 | Depths:1 | Bought a scroll of fog for 64 gold pieces
 55118 | Depths:1 | Found a gateway to Hell.
 55177 | Depths:1 | Noticed a caustic shrike
 55187 | Depths:1 | Noticed a golden dragon
 55189 | Depths:1 | Killed a caustic shrike
 55377 | Depths:1 | Found a one-way gate to the infinite horrors of the Abyss.
 55592 | Depths:1 | Identified the +2 falchion "motkurizz's Bane" {protect,
                  | Fragile rC+ Str+3 Dex+3}
 55612 | Depths:1 | Killed a golden dragon
 55927 | Depths:1 | Reached skill level 1 in Long Blades
 55966 | Depths:2 | Noticed a golden dragon
 56021 | Depths:2 | Killed a golden dragon
 56022 | Depths:2 | Reached XP level 25. HP: 134/204 MP: 0/0
 56022 | Depths:2 | Learned a level 8 spell: Lehudib's Crystal Spear
 56184 | Depths:2 | Noticed Norris
 56201 | Depths:2 | Killed Norris
 56234 | Depths:2 | Found a one-way gate leading to the halls of Pandemonium.
 56330 | Depths:2 | Reached skill level 5 in Long Blades
 56359 | Depths:2 | Noticed a juggernaut
 56364 | Depths:2 | Noticed a juggernaut
 56369 | Depths:2 | Identified the ring "Zoyh" {Will+ Str+6}
 56371 | Depths:2 | Killed a juggernaut
 56375 | Depths:2 | Killed a juggernaut
 56543 | Depths:2 | Noticed a caustic shrike
 57362 | Depths:2 | Killed a caustic shrike
 57676 | Depths:3 | Noticed Mara
 57682 | Depths:3 | Noticed motkurizz's illusion
 57683 | Depths:3 | Killed Mara
 57929 | Depths:3 | Found Odghy's Weapon Emporium.
 57970 | Depths:3 | Noticed the Enchantress
 57979 | Depths:3 | Killed the Enchantress
 58062 | Depths:3 | Identified the +3 scale mail "Efeh" {Will+}
 58069 | Depths:3 | Reached skill level 15 in Armour
 58070 | Depths:3 | Reached XP level 26. HP: 180/211 MP: 0/0
 58736 | Depths:4 | Entered Level 4 of the Depths
 58975 | Depths:4 | Identified the -2 pair of boots of Day {rC+ rN+ Str+4
                  | Int-2}
 59224 | Depths:4 | Found a gate to the Realm of Zot.
 59259 | Depths:4 | Identified the +1 leather armour "Opeseuch" {rPois Int+2
                  | Slay+3 Stlth+}
 59375 | Depths:4 | Noticed a dread lich
 59376 | Depths:4 | Found a one-way gateway to a ziggurat.
 59395 | Depths:4 | Killed a dread lich
 60220 | Vaults:5 | Entered Level 5 of the Vaults
 60367 | Vaults:5 | Reached XP level 27. HP: 100/218 MP: 0/0
 60367 | Vaults:5 | Learned a level 9 spell: Polar Vortex
 60440 | Vaults:5 | Noticed an ancient lich
 60456 | Vaults:5 | Killed an ancient lich
 60472 | Vaults:5 | Acquired the staff "Patu" {rElec rF+ rN+ Will+ Str+5 Necro}
 60498 | Vaults:5 | Identified the +9 morningstar "Giavom" {elec, SInv}
 60506 | Vaults:5 | Identified the +2 robe "Xifagos" {+Inv rElec rC+ Regen+}
 60506 | Vaults:5 | Identified the ring "Ylye" {AC+4 Dex+5 Stlth-}
 61085 | Vaults:5 | Identified Rizups's Catalogue of Sulphur
 61094 | Vaults:5 | Found the +3 pair of seven-league boots {Rampage+∞}
 61319 | Vaults:5 | Got a silver rune of Zot
 61370 | Vaults:5 | Identified the +5 plate armour "Fexkany" {Contam Will+
                  | Regen+}
 61710 | Vaults:5 | Identified the -2 pair of boots "Angekh" {rCorr}
 62068 | Zot:1    | Entered Level 1 of the Realm of Zot
 62287 | Zot:1    | Identified the amulet of Aloipri {Faith rF- Str+3 SInv}
 65343 | Zot:4    | Identified the +2 leather armour of Mezcal {Dex+3}
 65359 | Zot:4    | Noticed a Killer Klown
 65368 | Zot:4    | Killed a Killer Klown
 65465 | Zot:4    | Found a transporter.
 65743 | Zot:4    | Found a transporter.
 66053 | Zot:4    | Identified the amulet "Xuq Ezan" {Spirit Dex+2}
 66197 | Zot:4    | Identified the Folio of Leaden Hypothermia
 66482 | Zot:5    | Entered Level 5 of the Realm of Zot
 66500 | Zot:5    | Found a transporter.
 66504 | Zot:5    | Found a transporter.
 66633 | Zot:5    | Found a transporter.
 67009 | Zot:5    | Found a transporter.
 67225 | Zot:5    | Noticed a dread lich
 67283 | Zot:5    | Killed a dread lich
 67301 | Zot:5    | Identified the +1 falchion of a Labyrinth {spect, rPois
                  | Will++ Dex-4 SInv}
 67358 | Zot:5    | Noticed an ancient lich
 67368 | Zot:5    | Killed an ancient lich
 67374 | Zot:5    | Noticed a Killer Klown
 67401 | Zot:5    | Killed a Killer Klown
 67501 | Zot:5    | Noticed an orb of fire
 67555 | Zot:5    | Killed an orb of fire
 67733 | Zot:5    | Noticed an orb of fire
 67734 | Zot:5    | Noticed an ancient lich
 67744 | Zot:5    | Killed an orb of fire
 67751 | Zot:5    | Killed an ancient lich
 67899 | Zot:5    | Paralysed by a Zot trap for 2 turns
 67906 | Zot:5    | Gained mutation: You have hidden genetic defects.
                  | [mutagenic glow]
 67926 | Zot:5    | Noticed a dread lich
 68119 | Zot:5    | Killed a dread lich
 68144 | Zot:5    | Noticed an ancient lich
 68145 | Zot:5    | Noticed a Killer Klown
 68147 | Zot:5    | Killed an ancient lich
 68157 | Zot:5    | Killed a Killer Klown
 68451 | Zot:5    | Noticed a dread lich
 68472 | Zot:5    | Killed a dread lich
 68493 | Zot:5    | Gained mutation: You are frail. (-10% HP) [hidden defects]
 68546 | Zot:5    | Lost mutation: You have hidden genetic defects. [potion of
                  | mutation]
 68546 | Zot:5    | Lost mutation: You are frail. (-10% HP) [potion of
                  | mutation]
 68546 | Zot:5    | Gained mutation: Your muscles are strong. (Str +4, Int/Dex
                  | -1) [potion of mutation]
 68546 | Zot:5    | Gained mutation: Your muscles are very strong. (Str +8,
                  | Int/Dex -2) [potion of mutation]
 68628 | Zot:5    | Got the Orb of Zot
 68802 | Depths:4 | Noticed Elongu the pandemonium lord
 68986 | D:12     | Noticed Meyr Daarr the pandemonium lord
 69333 | D:$      | Escaped with the Orb!

Illustrated notes

Levels and vault maps discovered:
D:1:      shiori_arrival_whats_in_store_for_you, layout_loops_corners,
          minmay_pentomino_w4
D:2:      layout_rooms, uniq_jessica, uniq_sigmund
D:3:      layout_loops_corners
D:4:      cheibrodos_thug_alley, layout_basic, temple_green, grunt_ministairs_1
D:5:      layout_basic, zin_statuary, uniq_eustachio, uniq_prince_ribbit1,
          uniq_pikel
D:6:      layout_gridville, minmay_strange_pillars, nicolae_sextant
D:7:      layout_basic, mainiacjoe_overflow_24_doors
D:8:      minmay_the_grid_triangle_9x9_recursive_2
          [minmay_the_grid_triangle_9x9_prize_top_heavy,
          minmay_the_grid_triangle_9x9_wacky_v,
          minmay_the_grid_triangle_9x9_from_above,
          minmay_the_grid_triangle_9x9_flanged_cone], layout_loops_ring,
          nicolae_wu_jian_glorious_leap, david_lair_shrubbed
D:9:      minmay_quarter_circles, layout_grid_maze, trog_butcher_becter,
          minmay_between, uniq_grum
D:10:     layout_basic, david_orc_4, ebering_ghost_reflecting_pool, uniq_urug
D:11:     layout_roguey, tso_oasis_becter, uniq_snorg
D:12:     layout_basic, ebering_ghost_xom, uniq_josephine
D:13:     layout_layer_cave, minmay_rotating_lava
D:14:     layout_grid_maze, david_vaults_3, uniq_nessos, uniq_roxanne,
          uniq_lodul
D:15:     gammafunk_depths_entry_grave, layout_rooms, serial_shops,
          nicolae_shop_just_a_little_nook, nicolae_shop_dealshenge, shop,
          nicolae_square_shop, nicolae_gozag_cash_rules_everything_around_me
Temple:   nicolae_temple_two_arcs
Lair:1:   layout_small_grid, uniq_gastronok
Lair:2:   layout_regular_city, elwin_shoals_entry_stream,
          spider_nest_entry_webs, serial_bayou_shore_b,
          infiniplex_staircase_pool_2, serial_bayou_shore_a, grunt_megastairs_5,
          lemuel_fruit_fields
Lair:3:   layout_cellular_growth, guppyfry_lair_drakes, uniq_sonja
Lair:4:   layout_regular_city, nicolae_slime_entry_slimehenge,
          portal_ice_cave_entry_imps, minmay_lindwurm_lava
Lair:5:   due_jungle_book, layout_cave_pods, grunt_megastairs_2
Shoals:1: layout_shoals, uniq_jorgrun, uniq_donald
Shoals:2: layout_shoals, uniq_polyphemus
Shoals:3: layout_shoals, uniq_ilsuiw
Shoals:4: shoals_end_hellmonk_storm_palace [storm_palace_center_circular,
          storm_palace_corner_narrow, storm_palace_corner_narrow,
          storm_palace_corner_grid, storm_palace_corner_pillars]
Spider:1: layout_spider_delve, nicolae_spider_moth_buddies, uniq_mlioglotl
Spider:2: layout_spider_delve
Spider:3: layout_spider_delve
Spider:4: grunt_spider_rune_parallel, guppyfry_spider_mini_3
Orc:1:    layout_caves, lemuel_statue_altar
Orc:2:    grunt_orc_gardens, layout_diamond_mine, grunt_orc_garden,
          grunt_orc_garden, grunt_orc_garden, grunt_orc_garden, serial_shops,
          nicolae_shop_just_a_little_nook, ebering_ghost_inner_flame,
          enter_volcano_4, uniq_rupert, uniq_saint_roka
Elf:1:    minmay_elf_arrival_summoners, layout_geoelf_octagon,
          portal_desolation_entry_holy_temple,
          ploomutoo_gammafunk_ghost_potion_laboratory, minmay_elf_necromancy,
          nicolae_twisty_statue_hallways
Elf:2:    elven_hall_of_blades_hangedman_alternative [nicolae_blade_lattice],
          layout_rooms, uniq_agnes
Elf:3:    minmay_elf_hall_curves, layout_loops_corners, guppyfry_elf_lava,
          uniq_nikola, uniq_asterion
Vaults:1: lightli_enter_wizlab_magi_temple, ontoclasm_vaults_gateway,
          vaults_room_door_hall, v_rooms_5,
          nicolae_vaults_shipping_containers_6, v_misc_22,
          nicolae_vaults_doubleplus_tesselated,
          nicolae_vaults_door_testing_chamber,
          nicolae_vaults_offset_grid_hallway_3, nicolae_vaults_sealed_display,
          v_pattern_1, nicolae_vaults_diamond_2, layout_vaults_maze_snakey,
          nicolae_trove_entry_crystal
Vaults:2: nicolae_vaults_specimen_jars, v_alt_pattern_6, v_rooms_1,
          vaults_room_pools, nicolae_vaults_network_periphery, vaults_mumra_hex,
          hangedman_vaults_cutoff, vaults_room_octagon,
          nicolae_vaults_shelves_hall, nicolae_vaults_trapezoid_layered,
          ontoclasm_vaults_chip, vaults_room_glass_cross,
          nicolae_vaults_apartment_1, serial_ice_h, nicolae_vaults_trapezoid_1,
          grunt_vaults_focal, layout_vaults_omnicross, uniq_margery, uniq_jory,
          uniq_aizul
Vaults:3: ontoclasm_vaults_eye, st_smaller_cells, vaults_dpeg_cross,
          nicolae_vaults_wrenched, nicolae_vaults_layer_cake_slice, v_rooms_5,
          nicolae_vaults_house_3, minmay_crypt_entry_necro_gods,
          nicolae_vaults_heart-shaped_vault, nicolae_vaults_cochlea,
          layout_vaults_big_room, serial_shops,
          nicolae_shop_tiny_real_fake_doors
Vaults:4: nicolae_vaults_three_branches, nicolae_vaults_lightning_bolt,
          vaults_room_boxed, nicolae_vaults_trapezoid_lopsided_3,
          nicolae_vaults_little_squares_6, hangedman_vaults_slice,
          vaults_room_stairs_pillars, layout_vaults_quadrants, serial_shops,
          nicolae_shop_rolling_square
Vaults:5: serial_shops
Depths:1: minmay_triangles_in_corner, layout_small_grid, abyss_entry_crystal,
          hangedman_coc_ice_floe, patterned_corridor,
          infiniplex_staircase_pool_lava, minmay_shop_star
Depths:2: lemuel_castle_with_subvaults [lemuel_castle_interior_carwin_3],
          layout_gridlike, pan_entry, grunt_hell_entry_dis_grunt,
          minmay_alternating_orb, uniq_norris
Depths:3: dreamdust_tengu_aerie, layout_basic, abyss_entry, serial_shops,
          shop_statue, lightli_too_deep, grunt_megastairs_4,
          infiniplex_staircase_pillars_2, uniq_mara, uniq_enchantress
Depths:4: grunt_twist_and_shout, layout_cave_shapes, enter_ziggurat_c,
          hangedman_geh_valley, minmay_splitting_lines
Zot:1:    layout_onion_interference, hangedman_zot_decor_slant, zot_minivault_3
Zot:2:    layout_cellular_growth, grunt_megastairs_1
Zot:3:    lemuel_firehouse, layout_cathedral_of_symmetry, bh_zot_ikea_curve,
          grunt_ministairs_4
Zot:4:    layout_onion_interference, st_single_dragon_hoard_3,
          nicolae_diode_stairs
Zot:5:    layout_gridlike, nicolae_transporter_circle

Skill      XL: |  1  2  3  4  5  6  7  8  9 10 11 12 13 14 15 16 17 18 19 20 21 22 23 24 25 26 27 |
---------------+----------------------------------------------------------------------------------+-----
Spellcasting   | 3 4 5 6 10 11 12 14 16 17 18 19 23 | 23.0
Conjurations   | 3 4 5 6 10 11 12 14 16 17 18 19 23 | 23.0
Hexes          | 3 4 5 6 10 11 12 14 16 17 18 19 23 | 23.0
Summonings     | 3 4 5 6 10 11 12 14 16 17 18 19 23 | 23.0
Necromancy     | 3 4 5 6 10 11 12 14 16 17 18 19 23 | 23.0
Translocations | 3 4 5 6 10 11 12 14 16 17 18 19 23 | 23.0
Transmutations | 3 4 5 6 10 11 12 14 16 17 18 19 23 | 23.0
Fire Magic     | 3 4 5 6 10 11 12 14 16 17 18 19 23 | 23.0
Ice Magic      | 3 4 5 6 10 11 12 14 16 17 18 19 23 | 23.0
Air Magic      | 3 4 5 6 10 11 12 14 16 17 18 19 23 | 23.0
Earth Magic    | 3 4 5 6 10 11 12 14 16 17 18 19 23 | 23.0
Poison Magic   | 3 4 5 6 10 11 12 14 16 17 18 19 23 | 23.0
Fighting       | 1 2 3 5 7 9 10 11 13 14 15 17 18 19 | 19.6
Armour         | 3 4 7 8 9 10 11 12 14 15 18 19 | 19.4
Dodging        | 4 5 8 9 11 12 14 15 17 19 | 19.7
Short Blades   | 4 7 8 |  8.0
Evocations     | 2 5 6 7 |  7.2
Stealth        | 2 3 |  3.9
Shields        | 4 6 7 8 11 13 14 15 17 18 | 18.1
Staves         | 4 5 8 |  8.3
Long Blades    | 3 9 |  9.9

Action                     |  1- 3 |  4- 6 |  7- 9 | 10-12 | 13-15 | 16-18 | 19-21 | 22-24 | 25-27 || total
---------------------------+-------+-------+-------+-------+-------+-------+-------+-------+-------++-------
  Melee: Dagger            |    17 |    23 |    32 |   186 |    15 |       |       |       |       ||   273
         Punch             |       |       |     1 |     2 |       |       |       |       |       ||     3
         Staff             |       |       |       |       |    89 |   392 |   576 |   482 |   385 ||  1924
   Fire: Shortbow          |       |       |       |    30 |       |       |       |       |       ||    30
  Throw: Dart              |       |       |       |       |     1 |       |       |       |       ||     1
   Cast: Magic Dart        |    73 |    87 |    30 |     7 |     1 |       |     1 |       |       ||   199
         Slow              |     2 |       |     2 |     8 |     2 |       |       |       |       ||    14
         Call Imp          |     3 |     1 |     7 |    44 |     4 |       |       |       |       ||    59
         Shock             |       |     3 |    35 |   141 |   223 |    17 |       |       |     1 ||   420
         Poisonous Vapours |       |    22 |    93 |   194 |   121 |    89 |    41 |     2 |     3 ||   565
         Mephitic Cloud    |       |     5 |    23 |    47 |    13 |     2 |     1 |       |     1 ||    92
         Olgreb's Toxic Ra |       |       |       |    22 |   100 |    51 |    68 |    42 |    33 ||   316
         Blink             |       |       |       |     2 |       |     1 |     1 |       |       ||     4
         Borgnjor's Vile C |       |       |       |       |   217 |   125 |   142 |   157 |   158 ||   799
         Eringya's Noxious |       |       |       |       |    13 |    28 |    24 |    16 |    28 ||   109
         Haunt             |       |       |       |       |       |     5 |   202 |   211 |   124 ||   542
         Orb of Destructio |       |       |       |       |       |       |     4 |     3 |     1 ||     8
         Enfeeble          |       |       |       |       |       |       |     7 |    74 |    44 ||   125
         Infestation       |       |       |       |       |       |       |       |    30 |   110 ||   140
         Lehudib's Crystal |       |       |       |       |       |       |       |       |   224 ||   224
 Invoke: Curse Item        |       |       |     3 |     4 |     6 |     3 |     3 |     3 |     1 ||    23
         Shatter the Chain |       |       |       |     2 |     4 |     1 |     3 |     4 |       ||    14
  Evoke: Wand              |       |       |    11 |    15 |    18 |    22 |     1 |       |     9 ||    76
         Condenser vane    |       |       |       |       |     2 |     2 |       |     1 |     1 ||     6
         Box of beasts     |       |       |       |       |     2 |     2 |       |       |     1 ||     5
         Phantom mirror    |       |       |       |       |     1 |     2 |       |     1 |     2 ||     6
         Phial of floods   |       |       |       |       |       |     1 |       |       |     1 ||     2
    Use: Scroll            |       |       |       |     3 |     4 |     3 |     1 |    11 |    18 ||    40
         Potion            |       |       |       |     1 |     2 |     4 |     2 |     1 |    14 ||    24
   Stab: Confused          |       |     3 |     4 |    14 |     3 |       |       |       |       ||    24
         Paralysed         |       |       |       |    10 |       |       |       |       |       ||    10
         Sleeping          |       |       |       |       |       |     5 |     1 |     1 |       ||     7
         Distracted        |       |       |       |       |       |       |     3 |     8 |    17 ||    28
         Invisible         |       |       |       |       |       |       |     3 |    22 |     6 ||    31
 Armour: Robe              |     5 |     2 |    12 |    45 |    18 |       |       |       |       ||    82
         Acid dragon scale |       |       |       |       |     6 |     1 |       |       |       ||     7
         Troll leather arm |       |       |       |       |       |    49 |    83 |    36 |       ||   168
         Ring mail         |       |       |       |       |       |       |       |    21 |   100 ||   121
  Dodge: Dodged            |    15 |    17 |    30 |   185 |   115 |   163 |   361 |   370 |   370 ||  1626
  Block: Kite shield       |       |       |       |       |    46 |   200 |   265 |   296 |       ||   807
         Tower shield      |       |       |       |       |       |       |       |    57 |   600 ||   657

Table legend: (Time is in decaauts)
 A = Elapsed time spent in this place.
 B = Non-inter-level travel time spent in this place.
 C = Inter-level travel time spent in this place.
 D = Time resting spent in this place.
 E = Time spent auto-exploring this place.
 F = Levels seen in this place.
 G = Mean time per level.
                   A        B        C        D        E       F      G
               +--------+--------+--------+--------+--------+-----+--------+
         Total |  69252 |  62090 |   7162 |   6562 |  37555 |  51 | 1357.9 |
       Dungeon |  21090 |  17510 |   3580 |   1582 |  11858 |  15 | 1406.0 |
        Temple |     40 |     31 |      9 |      0 |      0 |   1 |   40.0 |
          Lair |  11144 |   9866 |   1278 |   1077 |   5941 |   5 | 2228.8 |
        Shoals |   4008 |   3725 |    283 |    301 |   2548 |   4 | 1002.0 |
   Spider Nest |   4125 |   3730 |    395 |    218 |   2365 |   4 | 1031.2 |
  Orcish Mines |   2416 |   2221 |    195 |    425 |   1076 |   2 | 1208.0 |
   Elven Halls |   3864 |   3648 |    216 |    385 |   2137 |   3 | 1288.0 |
        Vaults |   7261 |   6699 |    562 |     87 |   4562 |   5 | 1452.2 |
        Depths |   5944 |   5532 |    412 |    530 |   3196 |   4 | 1486.0 |
           Zot |   6570 |   6341 |    229 |   1041 |   2836 |   5 | 1314.0 |
      Ice Cave |   1366 |   1366 |      0 |    514 |    564 |   1 | 1366.0 |
       Volcano |    618 |    618 |      0 |    150 |    229 |   1 |  618.0 |
        Wizlab |    801 |    801 |      0 |    251 |    242 |   1 |  801.0 |
               +--------+--------+--------+--------+--------+-----+--------+

Top non-repeatable levels by time:
  Lair:5: 3548 daAuts
     D:9: 3439 daAuts
     D:8: 3250 daAuts
  Lair:2: 2555 daAuts
   Zot:5: 2142 daAuts
   Elf:3: 2085 daAuts
  Lair:1: 1930 daAuts
Depths:2: 1738 daAuts
   Orc:2: 1716 daAuts
Depths:1: 1641 daAuts
Vaults:2: 1624 daAuts
  Lair:3: 1587 daAuts
     D:4: 1568 daAuts
Vaults:5: 1557 daAuts
Shoals:4: 1529 daAuts
